 Dungeon Crawl Stone Soup version 0.21.0 (webtiles) character file.

583 HungrySpirit the Cutter (level 7, -5/41 HPs)
             Began as a Deep Elf Artificer on Jan 7, 2018.
             Killed by divine providence
             ... invoked by an orc priest
              (16 damage)
             ... on level 5 of the Dungeon.
             The game lasted 00:13:01 (6295 turns).

HungrySpirit the Cutter (Deep Elf Artificer)        Turns: 6295, Time: 00:13:02

Health: -5/41      AC:  5    Str:  9    XL:     7   Next: 14%
Magic:  11/11      EV: 16    Int: 18    God:
Gold:   206        SH:  0    Dex: 15    Spells: 6/6 levels left

rFire    . . .     SeeInvis .   u - +1 dagger (venom)
rCold    . . .     Gourm    +   (no shield)
rNeg     . . .     Faith    .   b - +0 leather armour
rPois    .         Spirit   .   l - +0 helmet
rElec    .         Reflect  .   (no cloak)
rCorr    .         Harm     .   z - +0 pair of gloves
MR       +....                  (no boots)
Stlth    ++........             y - amulet of the gourmand
HPRegen  0.13/turn              j - ring of protection from magic
MPRegen  0.12/turn              c - +2 ring of evasion

@: no status effects
A: no striking features
a: no special abilities


You were on level 5 of the Dungeon.
You were completely stuffed.

You visited 1 branch of the dungeon, and saw 5 of its levels.

You collected 206 gold pieces.

Inventory:

Hand Weapons
 u - a +1 dagger of venom (weapon)
Armour
 b - a +0 leather armour (worn)
 l - a +0 helmet (worn)
 z - a +0 pair of gloves (worn)
Jewellery
 a - an uncursed ring of flight
 c - a +2 ring of evasion (right hand)
 j - a ring of protection from magic (left hand)
 q - an uncursed ring of wizardry
 y - an amulet of the gourmand (around neck)
Wands
 e - a wand of random effects (11)
Scrolls
 g - 2 scrolls of enchant weapon {unknown}
 h - 5 scrolls of identify {unknown}
 k - 3 scrolls of teleportation {unknown}
 n - 2 scrolls of random uselessness {unknown}
 o - 2 scrolls of amnesia {unknown}
 t - a scroll of fog {unknown}
 v - 3 scrolls of remove curse {unknown}
 B - 2 scrolls of enchant armour {unknown}
 E - a scroll of noise {unknown}
 H - a scroll of fear {unknown}
Potions
 i - 2 potions of agility {unknown}
 m - a potion of degeneration {unknown}
 p - a potion of cancellation {unknown}
 r - a potion of haste {unknown}
 s - 2 potions of might {unknown}
 w - 2 potions of berserk rage {unknown}
 A - a potion of invisibility {unknown}
 C - a potion of brilliance {unknown}
 D - 4 potions of curing {unknown}
 F - a potion of lignification {unknown}
 I - a potion of heal wounds {unknown}
Books
 x - a book of Changes

   Spells                             Type                      Level
   a - Beastly Appendage              Transmutation                1
   b - Sticks to Snakes               Transmutation                2
   c - Spider Form                    Transmutation/Poison         3
   d - Ice Form                       Ice/Transmutation            4
   e - Blade Hands                    Transmutation                5
Comestibles
 f - 10 rations
 G - 4 chunks of flesh


   Skills:
 - Level 3.1 Fighting
 * Level 5.4 Short Blades
 + Level 5.1 Dodging
 - Level 1.2 Stealth
 + Level 0.4 Spellcasting
 - Level 3.2 Evocations


You had 6 spell levels left.
You didn't know any spells.

Dungeon Overview and Level Annotations

Branches:
Dungeon (5/15)
 Temple: D:4-7

Altars:

Annotations:
D:3 theswoord's ghost, amateur GrAK
D:5 Duvessa


Message History

The orc priest mumbles some strange prayers to Beogh against you.
Beogh smites you!
You closely miss the orc priest.
The orc wizard hits something with a dagger.
Something misses the orc wizard.
You hit the orc priest but do no damage.
The orc priest invokes the aid of Beogh against you.
Pain shoots through your body!
* * * LOW HITPOINT WARNING * * *
The orc wizard hits something with a dagger.
Something bites the orc wizard!
The orc wizard dies!
Evoke which item? (* to show all) (? for menu, Esc to quit)
Aiming: Random Effects
Press: ? - help, Shift-Dir - straight line, f/p - orc priest
Aim: an orc priest The puff of flame misses the orc priest.
The orc priest calls down the wrath of Beogh upon you.
Beogh smites you!
You die...

##.....# ##.....# #.....#
. #.....# #######..
##.....# #........
...[...###########........
.#...............#.......#
.###........o....o.).....+
#####...........@#.......#
.................#.....o.#
.................#.......#
.................#.......#
.......###################
.......# .......# .......#
########


You could see an orc priest and a friendly orc wizard.

Vanquished Creatures
  2 ogres
  2 hounds (D:4)
  A howler monkey (D:4)
  Jessica (D:3)
  A worker ant (D:4)
  A hound skeleton (D:5)
  4 adders
  4 gnolls
  3 worms
  2 dart slugs
  2 leopard geckos (D:2)
  3 orcs (D:5)
  A ball python (D:4)
  8 goblins
  5 hobgoblins
  7 bats
  11 kobolds
  A rat (D:1)
59 creatures vanquished.

Vanquished Creatures (collateral kills)
  An ogre (D:4)
  A jelly (D:4)
  A gnoll shaman (D:4)
  An orc wizard (D:5)
  3 gnolls
7 creatures vanquished.

Vanquished Creatures (others)
  Dowan (D:5)
  An iguana (D:4)
  3 gnolls
5 creatures vanquished.

Grand Total: 71 creatures vanquished

Notes
Turn   | Place    | Note
-------+----------+-------------------------------------------
     0 | D:1      | HungrySpirit the Deep Elf Artificer began the quest for the Orb.
     0 | D:1      | Reached XP level 1. HP: 11/11 MP: 5/5
   512 | D:1      | Reached skill level 1 in Fighting
   727 | D:1      | Reached XP level 2. HP: 9/16 MP: 6/6
  1620 | D:2      | Reached XP level 3. HP: 20/20 MP: 7/7
  2987 | D:3      | Reached XP level 4. HP: 25/26 MP: 8/8
  3023 | D:3      | Noticed theswoord's ghost (amateur GrAK)
  4303 | D:3      | Noticed Jessica
  4314 | D:3      | Killed Jessica
  4628 | D:4      | Reached XP level 5. HP: 28/30 MP: 9/9
  4959 | D:4      | Reached XP level 6. HP: 23/36 MP: 10/10
  5672 | D:4      | Reached skill level 5 in Short Blades
  5850 | D:5      | Entered Level 5 of the Dungeon
  6042 | D:5      | Reached skill level 5 in Dodging
  6042 | D:5      | Reached XP level 7. HP: 41/41 MP: 11/11
  6131 | D:5      | Noticed Dowan
  6133 | D:5      | Noticed Duvessa
  6163 | D:5      | Your ally died
  6295 | D:5      | Killed from afar by an orc priest

Skill      XL: |  1  2  3  4  5  6 |
---------------+-------------------+-----
Fighting       | 1 2 3 |  3.1
Short Blades   | 2 3 4 5 |  5.4
Dodging        | 3 4 5 |  5.1
Stealth        | |  1.2
Spellcasting   | |  0.4
Evocations     | |  3.2

Action                   |  1- 3 |  4- 6 |  7- 9 || total
-------------------------+-------+-------+-------++-------
Melee: Short sword       |   121 |       |       ||   121
       Dagger            |    13 |    93 |    24 ||   130
Evoke: Wand              |    17 |    13 |     4 ||    34
 Stab: Sleeping          |       |     1 |       ||     1
  Eat: Chunk             |    10 |    14 |     1 ||    25
Armor: Leather armour    |    38 |    12 |     3 ||    53
Dodge: Dodged            |   112 |    63 |    13 ||   188
